 Dungeon Crawl Stone Soup version 0.14-a0-2443-g5aee772 (webtiles) character file.

2849 MirrMurr the Fighter (level 9, -2/45 HPs)
             Began as a Felid Berserker on Feb 6, 2014.
             Was an Elder of Trog.
             Killed from afar by an orc wizard (8 damage)
             ... with a magic dart
             ... on Level 7 of the Dungeon.
             The game lasted 00:30:07 (7645 turns).

MirrMurr the Fighter (Felid Berserker)              Turns: 7645, Time: 00:30:07

HP  -2/45        AC  2     Str 13      XL: 9   Next: 31%
MP  15/15        EV 25     Int  8      God: Trog [****..]
Gold 286         SH  0     Dex 19      Spells:  0 memorised,  8 levels left
Lives: 0, deaths: 2

rFire  + . .     SeeInvis +       - Unarmed
rCold  . . .     Clarity  .     (armour unavailable)
rNeg   + . .     Conserve .     (shield unavailable)
rPois  .         rCorr    .     (helmet unavailable)
rElec  .         rRot     .     (cloak unavailable)
SustAb . .       Spirit   .     (gloves unavailable)
rMut   .         Warding  .     (boots unavailable)
Saprov . . .     Stasis   .     z - amulet of rage
MR     +++..                    B - ring of protection from fire
                                n - ring of positive energy

@: regenerating, quick, extremely resistant to hostile enchantments, extremely
stealthy
A: paw claws, no armour, no advanced items, fangs 3, see invisible, carnivore 3,
speed 1, shaggy fur 2, slow metabolism 1, jump 2
a: Jump Attack, Burn Spellbooks, Berserk, Trog's Hand, Brothers in Arms,
Renounce Religion, Evoke Berserk Rage


You were on level 7 of the Dungeon.
You worshipped Trog.
Trog was greatly pleased with you.
You were completely stuffed.

You visited 1 branch of the dungeon, and saw 7 of its levels.

You collected 286 gold pieces.

Inventory:

Comestibles
 c - a meat ration
 x - a chunk of worker ant flesh
Scrolls
 a - 9 scrolls of teleportation
 f - 2 scrolls of fear {unknown}
 g - a scroll of amnesia {unknown}
 h - a scroll of curse jewellery {unknown}
 i - a scroll of identify
 k - a scroll of blinking
 o - a scroll of recharging {unknown}
 r - a scroll of fog
 t - 2 scrolls of remove curse {unknown}
 y - a scroll of curse armour {unknown}
Jewellery
 l - an uncursed ring of magical power
 n - a ring of positive energy (left paw)
 w - an uncursed ring of sustain abilities
 z - an amulet of rage (around neck)
 B - a ring of protection from fire (right paw)
Potions
 b - 2 potions of might {unknown}
 d - 2 potions of confusion {unknown}
 e - 2 potions of magic {unknown}
 j - 4 potions of curing
 m - 2 potions of poison {unknown}
 p - a potion of flight {unknown}
 q - 2 potions of brilliance {unknown}
 s - a potion of resistance {unknown}
 u - 2 potions of heal wounds {unknown}
 A - a potion of paralysis {unknown}
Miscellaneous
 v - a plain deck of defence


   Skills:
 * Level 8.9 Fighting
 + Level 8.6 Dodging
 + Level 8.8 Stealth
 + Level 7.3 Unarmed Combat


You had 8 spell levels left.
You didn't know any spells.

Dungeon Overview and Level Annotations

Branches:
Dungeon (7/16)             Temple (0/1) D:4

Altars:
Ashenzari
Fedhas
Kikubaaqudgha
Nemelex Xobeh
Okawaru
Sif Muna
Trog

Portals:
Ossuary: D:7


Innate Abilities, Weirdness & Mutations

You cannot wear armour.
You are incapable of any advanced item manipulation.
Your paws have sharp claws.
You have razor-sharp teeth.
You have supernaturally acute eyesight.
You are carnivorous and can eat meat at any time.
You cover ground quickly.
You are covered in thick fur (AC +2).
You have a slow metabolism.
You can jump attack at a medium distance.


Message History

The orc wizard is moderately wounded.
The orc wizard points at you and mumbles some strange words.
The magic dart hits you!
* * * LOW HITPOINT WARNING * * *
The orc wizard hits you with an orcish dagger.
* * * LOW HITPOINT WARNING * * *
Use which ability? (? or * to list)
Your skin crawls.
You feel resistant to hostile enchantments.
You feel slightly less full. The orc wizard completely misses you.
Drink which item? (? for menu, Esc to quit)
You feel better.
The orc wizard gestures wildly while chanting.
The orc wizard blinks!
The orc wizard casts a spell at you. The magic dart hits you!
* * * LOW HITPOINT WARNING * * *
The orc wizard casts a spell at you. The magic dart hits you!
You die...

#.....#
#.....#
#.....#
#.....#
#.....#
#.....# #.#
#.# #@##
#..# ##ยง#
##+####
#####'##
#.....#
#....).#
#.....#
#....).#
#...[.#
#......#
#.....#
#....o.#
#.....#
#......#
#####.....#


You could see an orc wizard (bleeding).

Vanquished Creatures
  A hill giant (D:6)
  Grinder (D:6)
  4 yaks (D:6)
  Eustachio (D:5)
  Menkaure (D:4)
  An orc warrior (D:6)
  A sky beast (D:6)
  A phantom (D:5)
  3 ogres (D:4)
  4 giant frogs
  A crimson imp (D:7)
  An orc priest (D:4)
  7 orc wizards
  A hound (D:5)
  A black bear skeleton (D:7)
  A gnoll shaman (D:4)
  An iguana (D:4)
  7 worker ants
  2 scorpions (D:4)
  Ijyb (D:2)
  A worker ant zombie (D:5)
  8 adders
  4 gnolls (D:4)
  An orc zombie (D:5)
  A giant mite (D:6)
  5 worms
  A giant eyeball (D:5)
  2 oozes (D:2)
  14 orcs
  29 bats
  A bat skeleton (D:4)
  9 hobgoblins
  17 jackals
  12 kobolds
  5 quokkas
  A ball python (D:1)
  5 giant cockroaches
  5 giant geckos
  2 giant gecko skeletons (D:6)
  6 giant newts
  17 goblins
  A kobold skeleton (D:5)
  A kobold zombie (D:5)
  An orc skeleton (D:4)
  10 rats
200 creatures vanquished.

Notes
Turn   | Place    | Note
--------------------------------------------------------------
     0 | D:1      | MirrMurr, the Felid Berserker, began the quest for the Orb.
     0 | D:1      | Reached XP level 1. HP: 10/10 MP: 2/2
   321 | D:1      | Reached XP level 2. HP: 12/14 MP: 3/3
   356 | D:1      | Reached skill level 1 in Stealth
   542 | D:1      | Acquired Trog's second power
   838 | D:1      | Reached XP level 3. HP: 10/17 MP: 5/5
  1127 | D:2      | Noticed Ijyb
  1162 | D:2      | Killed Ijyb
  1427 | D:2      | Reached XP level 4. HP: 16/21 MP: 7/7
  2409 | D:2      | Acquired Trog's third power
  2500 | D:3      | Found a shattered altar of Ashenzari.
  2555 | D:3      | Reached XP level 5. HP: 22/25 MP: 8/8
  2633 | D:3      | Found an ancient bone altar of Kikubaaqudgha.
  2871 | D:3      | Found a sparkling altar of Nemelex Xobeh.
  3266 | D:4      | Noticed an ogre
  3274 | D:4      | Killed an ogre
  3274 | D:4      | Reached skill level 5 in Dodging
  3274 | D:4      | Reached skill level 5 in Unarmed Combat
  3274 | D:4      | Gained mutation: You are covered in thick fur (AC +2). [growing up]
  3274 | D:4      | Gained mutation: You can jump attack at a medium distance. [growing up]
  3274 | D:4      | Reached XP level 6. HP: 28/28 MP: 10/10
  3369 | D:4      | Found a staircase to the Ecumenical Temple.
  3866 | D:4      | Noticed an ogre
  3873 | D:4      | Killed an ogre
  3873 | D:4      | Reached XP level 7. HP: 33/33 MP: 12/12
  3909 | D:4      | Noticed Menkaure
  3920 | D:4      | Killed Menkaure
  3920 | D:4      | Reached skill level 5 in Fighting
  3920 | D:4      | Reached skill level 5 in Stealth
  4226 | D:4      | Found an iron altar of Okawaru.
  4321 | D:4      | Noticed an ogre
  4425 | D:3      | Found a deep blue altar of Sif Muna.
  4454 | D:4      | Killed an ogre
  4454 | D:4      | Reached skill level 6 in Dodging
  4590 | D:5      | Entered Level 5 of the Dungeon
  4601 | D:5      | Noticed Eustachio
  4627 | D:5      | Slain by Eustachio
  4628 | D:5      | Reached XP level 6. HP: -1/31 MP: 10/10
  4876 | D:5      | Reached XP level 7. HP: 13/34 MP: 12/12
  4892 | D:5      | Killed from afar by an orc wizard
  4893 | D:5      | Reached XP level 6. HP: -1/31 MP: 10/10
  5245 | D:5      | Paralysed by a giant eyeball for 4 turns
  5386 | D:5      | Killed Eustachio
  5699 | D:6      | Found a bloodstained altar of Trog.
  5711 | D:6      | Reached XP level 7. HP: 25/35 MP: 12/12
  6238 | D:6      | Reached skill level 7 in Stealth
  6312 | D:6      | Noticed a hill giant
  6332 | D:6      | Killed a hill giant
  6332 | D:6      | Reached XP level 8. HP: 40/40 MP: 13/13
  6450 | D:6      | Noticed Grinder
  6458 | D:6      | Killed Grinder
  6496 | D:6      | Noticed a yak
  6497 | D:6      | Noticed a yak
  6497 | D:6      | Noticed a yak
  6497 | D:6      | Noticed a yak
  6532 | D:6      | Killed a yak
  6532 | D:6      | Reached skill level 8 in Fighting
  6538 | D:6      | Killed a yak
  6543 | D:6      | Killed a yak
  6543 | D:6      | Reached XP level 9. HP: 20/45 MP: 15/15
  6549 | D:6      | Killed a yak
  7179 | D:6      | Found a blossoming altar of Fedhas.
  7566 | D:7      | Found a sand-covered staircase.
  7645 | D:7      | Killed from afar by an orc wizard

Action                   |  1- 3 |  4- 6 |  7- 9 || total
-------------------------+-------+-------+-------++-------
Melee: Unarmed           |   118 |   293 |   282 ||   693
Invok: Berserk           |       |     4 |     5 ||     9
       Trog's Hand       |       |     7 |    10 ||    17
       Burn Spellbooks   |       |       |     1 ||     1
  Use: Scroll            |     1 |     5 |     6 ||    12
       Potion            |       |     2 |     1 ||     3
 Stab: Sleeping          |     2 |    12 |    11 ||    25
       Distracted        |       |     2 |     3 ||     5
